 Dungeon Crawl Stone Soup version 0.19-a0-1457-g32fba05 (webtiles) character file.

384 Amnesiac the Jinx (level 6, -6/25 HPs)
             Began as a Felid Enchanter on Sept 7, 2016.
             Shot with an arrow by a centaur (7 damage)
             ... on level 5 of the Dungeon.
             The game lasted 00:12:39 (3926 turns).

Amnesiac the Jinx (Felid Enchanter)                 Turns: 3926, Time: 00:12:39

Health: -6/25      AC:  2    Str:  4    XL:     6   Next: 47%
Magic:  10/13      EV: 18    Int: 17    God:
Gold:   183        SH:  0    Dex: 18    Spells: 5 memorised, 1 level left
                                        Lives:  0   Deaths: 1

rFire  . . .     SeeInvis +       - Unarmed
rCold  . . .     Gourm    .     (armour unavailable)
rNeg   . . .     Faith    .     (shield unavailable)
rPois  .         Spirit   .     (helmet unavailable)
rElec  .         Dismiss  .     (cloak unavailable)
rCorr  .         Reflect  .     (gloves unavailable)
MR     .....     Harm     .     (boots unavailable)
Stlth  +++.......               (no amulet)
                                (no ring)
                                (no ring)

@: quick
A: no armour, no weapons or thrown items, claws 1, fangs 3, see invisible,
carnivore 3, speed 1, shaggy fur 2, slow metabolism 1, sharp paws
a: no special abilities


You were on level 5 of the Dungeon.
You were full.

You visited 1 branch of the dungeon, and saw 5 of its levels.

You collected 183 gold pieces.

Inventory:

Wands
 e - a wand of random effects (22/48)
 m - a wand of lightning (5/15)
Scrolls
 c - 5 scrolls of identify {unknown}
 d - a scroll of noise {unknown}
 k - a scroll of amnesia {unknown}
 n - a scroll of recharging {unknown}
 o - 2 scrolls of teleportation {unknown}
 p - a scroll of fog {unknown}
Potions
 f - a potion of lignification {unknown}
 g - a potion of agility {unknown}
 h - a potion of might {unknown}
 i - 2 potions of cancellation {unknown}
 l - a potion of haste {unknown}
Books
 a - a book of Maledictions

   Spells                             Type                      Level
   a - Corona                         Hexes                        1
   b - Ensorcelled Hibernation        Hexes/Ice                    2
   c - Confuse                        Hexes                        3
   d - Tukima's Dance                 Hexes                        3
   e - Dazzling Spray                 Conjuration/Hexes            3
Comestibles
 b - 5 meat rations
 j - a beef jerky
 q - a chunk of flesh


   Skills:
 - Level 1.0 Fighting
 - Level 2.6 Dodging
 - Level 4.0 Stealth
 + Level 3.3 Unarmed Combat
 - Level 4.0 Spellcasting
 - Level 8.0 Hexes


You had one spell level left.
You knew the following spells:

 Your Spells              Type           Power        Failure   Level  Hunger
a - Corona                Hex            ####...      1%          1    None
b - Dazzling Spray        Conj/Hex       ###...       10%         3    ###....
e - Confuse               Hex            ####....     1%          3    ###....
f - Ensorcelled Hibernat  Hex/Ice        ###...       4%          2    ##.....
w - Tukima's Dance        Hex            ####....     1%          3    ###....


Dungeon Overview and Level Annotations

Branches:
Dungeon (5/15)
 Temple: D:4-7

Altars:
Makhleb
Nemelex Xobeh
Zin


Innate Abilities, Weirdness & Mutations

You cannot wear armour.
You are incapable of wielding weapons or throwing items.
You have sharp claws.
You have razor-sharp teeth.
You have supernaturally acute eyesight. (SInv)
You are carnivorous and can eat meat at any time.
You cover ground quickly.
You are covered in thick fur. (AC +2)
You have a slow metabolism.
Your sharp claws are effective at attacking unaware monsters.


Message History

There are no objects that can be picked up here. a dart slug corpse Unknown command.
You butcher the dart slug corpse.
You see here a chunk of flesh.
q - a chunk of flesh A centaur comes into view.
The centaur shouts!
The dart slug misses you.
The centaur wields a shortbow.
The centaur shoots an arrow.
The arrow hits you!
Ouch! That really hurt!
The jackal barks! x2
You see here an arrow.
The centaur shoots an arrow.
The arrow hits you!
* * * LOW HITPOINT WARNING * * *
You see here an arrow.
The dart slug launches a dart at you. The slug dart misses you.
The centaur shoots an arrow.
The arrow hits you!
You die...

# ##.........# ###
###.c........# ..###
###...h........#
....###
#.............##
##....##
#.............#
###...###
##............##
####..###
##.............#
###..###..............#
###.....@.##.......##
###....######...##
###....# ##### #..^....
##...... ....##. #
....# ## ..... .#


You could see a centaur and a jackal.

Vanquished Creatures
  Sigmund (D:4)
  The ghost of Amnesiac the Grave Robber, a weakling DENe (D:4)
  A hound (D:4)
  An orc wizard (D:3)
  3 worker ants
  Robin (D:4)
  A howler monkey skeleton (D:4)
  2 adders
  An ooze (D:3)
  3 adder skeletons
  3 worms
  5 dart slugs
  A giant gecko (D:1)
  An orc (D:3)
  A ball python (D:1)
  4 giant cockroaches
  8 goblins
  6 hobgoblins
  2 kobolds (D:2)
  A quokka (D:2)
  5 bats
  A giant gecko skeleton (D:4)
  4 rats
57 creatures vanquished.

Vanquished Creatures (collateral kills)
  Terence (D:3)
  2 orcs (D:3)
3 creatures vanquished.

Grand Total: 60 creatures vanquished

Notes
Turn   | Place    | Note
-------+----------+-------------------------------------------
     0 | D:1      | Amnesiac the Felid Enchanter began the quest for the Orb.
     0 | D:1      | Reached XP level 1. HP: 7/7 MP: 4/4
   246 | D:1      | Reached XP level 2. HP: 6/11 MP: 4/6
   493 | D:1      | Learned a level 2 spell: Ensorcelled Hibernation
   510 | D:2      | Noticed Terence
   612 | D:3      | Reached skill level 1 in Fighting
   640 | D:3      | Reached skill level 5 in Hexes
   660 | D:3      | Reached XP level 3. HP: 11/15 MP: 7/7
   758 | D:4      | Reached skill level 6 in Hexes
   763 | D:4      | Learned a level 3 spell: Tukima's Dance
   848 | D:4      | Noticed Robin
   884 | D:4      | Noticed Amnesiac's ghost (weakling DENe)
  1334 | D:3      | Reached XP level 4. HP: 10/19 MP: 5/8
  1827 | D:2      | Found a sparkling altar of Nemelex Xobeh.
  1914 | D:3      | Killed Terence
  1914 | D:3      | Reached skill level 7 in Hexes
  2433 | D:4      | Slain by a goblin
  2434 | D:4      | Reached XP level 3. HP: -1/15 MP: 7/7
  2444 | D:4      | Reached XP level 4. HP: 19/19 MP: 8/8
  2526 | D:4      | Killed Robin
  2526 | D:4      | Reached skill level 8 in Hexes
  3173 | D:4      | Noticed Sigmund
  3181 | D:4      | Killed Sigmund
  3181 | D:4      | Reached XP level 5. HP: 22/22 MP: 2/11
  3181 | D:4      | Gained mutation: You are covered in thick fur. (AC +2) [Felid growth]
  3181 | D:4      | Reached XP level 6. HP: 25/25 MP: 2/12
  3271 | D:4      | Learned a level 3 spell: Confuse
  3275 | D:4      | Learned a level 3 spell: Dazzling Spray
  3427 | D:4      | Killed Amnesiac's ghost
  3556 | D:5      | Entered Level 5 of the Dungeon
  3646 | D:5      | Found a burning altar of Makhleb.
  3646 | D:5      | Found a glowing silver altar of Zin.
  3647 | D:5      | Noticed an angel
  3647 | D:5      | Noticed an Executioner
  3914 | D:5      | HP: 1/25 [centaur/arrow (9)]
  3926 | D:5      | Shot with an arrow by a centaur

Vault maps used:
D:1:      ncdulo_wetmaze, serial_corexii_hall, corexii_hall_statues_i,
          corexii_hall_statues_x
D:2:      nemelex_altar_shiori, uniq_terence
D:3:      tgw_sif
D:4:      first_bread, uniq_sigmund, uniq_robin
D:5:      kennysheep_slugbush, grunt_temple_overflow_order_and_chaos_2,
          vehumet_altar_wand_db, elyvilon_altar_3, uniq_prince_ribbit1

Skill      XL: |  1  2  3  4  5  6 |
---------------+-------------------+-----
Unarmed Combat | 2 3 |  3.3
Fighting       | 1 |  1.0
Hexes          | 5 6 8 |  8.0
Spellcasting   | 3 4 |  4.0
Dodging        | |  2.6
Stealth        | |  4.0

Action                   |  1- 3 |  4- 6 || total
-------------------------+-------+-------++-------
Melee: Unarmed           |    76 |   122 ||   198
       Bite              |     2 |    12 ||    14
       Punch             |       |     1 ||     1
 Cast: Corona            |     1 |       ||     1
       Ensorcelled Hiber |     6 |    21 ||    27
       Tukima's Dance    |     2 |     1 ||     3
       Confuse           |       |     5 ||     5
  Use: Potion            |       |     1 ||     1
 Stab: Sleeping          |    13 |    17 ||    30
       Distracted        |       |     5 ||     5
       Confused          |       |     3 ||     3
  Eat: Chunk             |       |    16 ||    16
Armor: Skin              |    11 |     3 ||    14
Dodge: Dodged            |    62 |    91 ||   153
